 Dungeon Crawl Stone Soup version 0.30.2 (webtiles) character file.

Game seed: 5840154543907095354

6173 porpoise the Nimble (level 10, -1/76 HPs)
             Began as a Gnoll Wanderer on Apr 5, 2024.
             Was an Initiate of Gozag.
             Slain by an unseen horror (7 damage)
             ... on level 10 of the Dungeon.
             The game lasted 00:39:04 (11274 turns).

porpoise the Nimble (Gnoll Wanderer)               Turns: 11274, Time: 00:39:06

Health: -1/76      AC: 13    Str: 14    XL:     10   Next: 91%
Magic:  13/13      EV: 16    Int: 13    God:    Gozag
Gold:   1155       SH:  0    Dex: 18    Spells: 22/26 levels left

rFire   . . .        a - +1 hand axe "Oxait" {venom, +Blink Fly MP-9 Dex+6}
rCold   . . .        (no shield)
rNeg    . . .        i - +0 ring mail
rPois   .            L - +0 helmet
rElec   .            (no cloak)
rCorr   .            r - +2 pair of gloves
SInv    .            t - +1 pair of boots
Will    .....        (no amulet)
Stlth   +++          H - ring of flight
HPRegen 0.32/turn    x - ring of wizardry
MPRegen 0.13/turn

%: wizardry (x1)
@: flying, studying Spellcasting
A: fangs 1, strong nose, distributed training
a: Renounce Religion, Evoke Blink, Potion Petition, Call Merchant, Bribe Branch


You were on level 10 of the Dungeon.
You worshipped Gozag.
Gozag was most pleased with you.
You visited 1 branch of the dungeon, and saw 10 of its levels.
You also visited: Sewer.

You collected 1495 gold pieces.
You spent 264 gold pieces at shops.
You paid 76 gold pieces to Gozag.

Inventory:

Hand Weapons
 a - the +1 hand axe "Oxait" (weapon) {venom, +Blink Fly MP-9 Dex+6}
   (You bought it in a shop on level 4 of the Dungeon)

   Dex:       It affects your dexterity (+6).
   MP:        It affects your magic capacity (-9).
   Fly:       It grants you flight.
   +Blink:    It lets you blink.
 b - a +0 heavy shortbow
 w - a +2 war axe of electrocution
 z - a +2 spear of protection
Missiles
 d - 4 boomerangs
 g - 4 datura-tipped darts
 q - 5 javelins
 u - 4 curare-tipped darts (quivered)
 C - 46 poisoned darts
Armour
 h - a +0 buckler
 i - a +0 ring mail (worn)
 j - a +0 leather armour
 r - a +2 pair of gloves (worn)
 t - a +1 pair of boots (worn)
 E - the -2 pair of gloves of True Grit {Will+}
   (You found it on level 9 of the Dungeon)

   Will:      It increases your willpower.
 L - a +0 helmet (worn)
Magical Staves
 G - a staff of cold
Jewellery
 x - a ring of wizardry (right hand)
 H - a ring of flight (left hand)
Scrolls
 l - 6 scrolls of teleportation
 m - 5 scrolls of immolation
 n - a scroll of enchant armour
 o - a scroll of amnesia
 v - a scroll of magic mapping
 y - a scroll of fear
 A - 2 scrolls of fog
 F - a scroll of vulnerability
 J - a scroll of enchant weapon
 K - a scroll of identify
Potions
 c - 4 potions of attraction
 e - 2 potions of brilliance
 f - 2 potions of haste
 k - 2 potions of mutation
 p - a potion of magic {unknown}
 s - a potion of lignification
 B - a potion of cancellation
 D - a potion of might


   Skills:
 + Level 5.9 Fighting
 + Level 5.9 Short Blades
 + Level 5.9 Long Blades
 + Level 5.9 Axes
 + Level 5.9 Maces & Flails
 + Level 7.6 Polearms
 + Level 5.9 Staves
 + Level 5.9 Ranged Weapons
 + Level 5.9 Throwing
 + Level 5.9 Armour
 + Level 10.4 Dodging
 + Level 6.4 Stealth
 + Level 5.9 Shields
 + Level 5.9 Unarmed Combat
 + Level 8.6 Spellcasting
 + Level 4.9 Conjurations
 + Level 4.9 Hexes
 + Level 4.9 Summonings
 + Level 4.9 Necromancy
 + Level 4.9 Translocations
 + Level 4.9 Transmutations
 + Level 4.9 Fire Magic
 + Level 4.9 Ice Magic
 + Level 4.9 Air Magic
 + Level 4.9 Earth Magic
 + Level 4.9 Poison Magic
 + Level 6.5 Invocations
 + Level 6.5 Evocations


You had 22 spell levels left.
You knew the following spells:

 Your Spells              Type           Power      Damage    Failure   Level
a - Sting                 Tmut/Pois      72%        1d6       1%          1
i - Ignite Poison         Fire/Tmut/Pois 18%        N/A       4%          3

Your spell library contained the following spells:

 Spells                   Type           Power      Damage    Failure   Level
 Poisonous Vapours        Pois/Air       36%        N/A       1%          2
 Sublimation of Blood     Necr           18%        N/A       1%          2
 Gell's Gravitas          Tloc           18%        N/A       4%          3
 Inner Flame              Hex/Fire       18%        N/A       4%          3
 Teleport Other           Tloc           18%        N/A       4%          3
 Flame Wave               Conj/Fire      18%        2d7       13%         4
 Olgreb's Toxic Radiance  Pois           18%        N/A       13%         4
 Petrify                  Tmut/Erth      18%        N/A       13%         4
 Sticky Flame             Conj/Fire      18%        2d4       13%         4
 Irradiate                Conj/Tmut      9%         3d14      32%         5
 Iskenderun's Battlesphe  Conj           18%        2d7       32%         5
 Yara's Violent Unravell  Hex/Tmut       9%         3d6       32%         5
 Dispersal                Tloc           9%         N/A       86%         6
 Iron Shot                Conj/Erth      9%         9d3       86%         6
 Enfeeble                 Hex            9%         N/A       100%        7
 Spellforged Servitor     Conj/Summ      9%         N/A       100%        7


Dungeon Overview and Level Annotations

Branches:
Dungeon (10/15)            Temple (0/1) D:6           Sewer (visited)
   Lair: D:8-11         Orc: D:9-12

Altars:
Gozag
Sif Muna
Trog

Shops:
D:1 [   D:4 (   D:9 ?

Annotations:
D:6 2 transporters, porpoise's ghost, novice DsGl
D:8 1 runed translucent door, ZoaN's ghost, novice MiFi


Innate Abilities, Weirdness & Mutations

You have very sharp teeth.
Your uncanny sense of smell can sniff out nearby items.
Your experience applies equally to all skills.


Message History

* * * LOW HITPOINT WARNING * * *
Something hits you.
* * * LOW HITPOINT WARNING * * *
You miss something.
Something hits you but does no damage. x3
You barely miss something. You punch something. You bite something.
Something hits you.
* * * LOW HITPOINT WARNING * * *
Something hits you.
* * * LOW HITPOINT WARNING * * *
You hit something. Your bite misses something.
Something hits you but does no damage. Something hits you.
* * * LOW HITPOINT WARNING * * *
Something hits you.
* * * LOW HITPOINT WARNING * * *
Something hits you but does no damage.
You completely miss something. Something hits you but does no damage.
Something hits you but does no damage. Something hits you.
* * * LOW HITPOINT WARNING * * *
Something hits you.
* * * LOW HITPOINT WARNING * * *
Something barely misses you.
There is an open door, spattered with blood here.
You feel better.
Something hits you but does no damage. x2
Something hits you.
* * * LOW HITPOINT WARNING * * *
You closely miss something. Something hits you but does no damage.
Something hits you.
* * * LOW HITPOINT WARNING * * *
You hit something. Your bite misses something.
Something hits you but does no damage. x2
You miss something. You punch something. Something hits you but does no damage.
You aren't carrying any items that you can evoke.
Throw: 5 darts (curare)
Press: ? - help, Q - select action, (/) - cycle Shift-Dir - straight line You throw a curare-tipped dart.
Something hits you!
You die...
Your body crumbles into a pile of gold.

########## #########
.........# #........
.........# #........#
.........##### #........#
.........@.(.###.....<..+
.........###..##........#
.........# ##.##........#
.........# #..'........##
.........# ####..........
.........# #....~≈≈~~.
########## #....~≈≈≈~.
###+.~≈≈≈~. #..~~~~~.


There were no monsters in sight!

Vanquished Creatures
  A two-headed ogre (D:10)
  A troll (D:9)
  4 yaks (D:10)
  A shadow (D:9)
  A wraith (D:10)
  A steam dragon (D:7)
  2 vampire mosquitoes (D:7)
  A water moccasin (D:7)
  An orc warrior (D:6)
  2 sky beasts
  2 black bears
  3 ice beasts
  An ogre (D:5)
  4 centaurs
  5 kobold brigands
  5 bullfrogs
  3 scorpions
  7 killer bees
  2 electric eels (D:10)
  A howler monkey (D:8)
  2 jellies
  4 hounds
  An orc priest (D:4)
  2 gnoll boudas (D:7)
  5 iguanas
  Natasha (thrice) (D:3)
  2 sleepcaps
  6 orc wizards
  5 gnolls (D:7)
  10 adders
  2 river rats
  A white imp (D:7)
  5 worms
  2 dart slugs
  17 orcs
  6 ball pythons
  12 endoplasms
  3 giant cockroaches
  9 goblins
  9 hobgoblins
  4 quokkas
  5 bats
  13 kobolds
  7 rats
183 creatures vanquished.

Vanquished Creatures (collateral kills)
  A two-headed ogre (D:10)
  A yak (D:10)
  An orc (D:5)
3 creatures vanquished.

Grand Total: 186 creatures vanquished

Notes
Turn   | Place    | Note
-------+----------+-------------------------------------------
     0 | D:1      | porpoise the Gnoll Wanderer began the quest for the Orb.
     0 | D:1      | porpoise set off with the following items: a +2 spear, a +0
                  | pair of boots, a potion of attraction, a +0 robe; and the
                  | following spell memorised: Sting; and the following spells
                  | available to memorise: Ignite Poison.
     0 | D:1      | Reached XP level 1. HP: 13/13 MP: 6/6
   449 | D:1      | Found a faded altar of an unknown god.
   468 | D:1      | Found Qiqeocvou's Antique Armour Boutique.
   513 | D:1      | Reached XP level 2. HP: 19/19 MP: 7/7
  1647 | D:2      | Reached skill level 5 in Spellcasting
  1647 | D:2      | Reached XP level 3. HP: 25/25 MP: 7/9
  1967 | D:2      | Reached skill level 1 in Fighting
  1967 | D:2      | Reached skill level 1 in Short Blades
  1967 | D:2      | Reached skill level 1 in Long Blades
  1967 | D:2      | Reached skill level 1 in Axes
  1967 | D:2      | Reached skill level 1 in Maces & Flails
  1967 | D:2      | Reached skill level 1 in Staves
  1967 | D:2      | Reached skill level 1 in Ranged Weapons
  1967 | D:2      | Reached skill level 1 in Throwing
  1967 | D:2      | Reached skill level 1 in Armour
  1967 | D:2      | Reached skill level 1 in Shields
  1967 | D:2      | Reached skill level 1 in Unarmed Combat
  1967 | D:2      | Reached skill level 1 in Invocations
  2057 | D:3      | Noticed Natasha
  2061 | D:3      | Killed Natasha
  2062 | D:3      | Reached skill level 1 in Conjurations
  2062 | D:3      | Reached skill level 1 in Hexes
  2062 | D:3      | Reached skill level 1 in Summonings
  2062 | D:3      | Reached skill level 1 in Necromancy
  2062 | D:3      | Reached skill level 1 in Translocations
  2062 | D:3      | Reached skill level 1 in Transmutations
  2062 | D:3      | Reached skill level 1 in Fire Magic
  2062 | D:3      | Reached skill level 1 in Ice Magic
  2062 | D:3      | Reached skill level 1 in Air Magic
  2062 | D:3      | Reached skill level 1 in Earth Magic
  2062 | D:3      | Reached skill level 1 in Poison Magic
  2062 | D:3      | Reached XP level 4. HP: 32/32 MP: 11/11
  2238 | D:3      | Reached XP level 5. HP: 37/37 MP: 12/12
  2240 | D:3      | Noticed Natasha
  2253 | D:3      | Killed Natasha
  2322 | D:3      | Noticed Natasha
  2333 | D:3      | Killed Natasha
  2672 | D:3      | Found an opulent altar of Gozag.
  2672 | D:3      | Found a bloodstained altar of Trog.
  3042 | D:4      | Reached XP level 6. HP: 34/44 MP: 14/14
  3105 | D:4      | Found Ruwyruim's Antique Weapon Shoppe.
  3113 | D:4      | Reached skill level 5 in Polearms
  3133 | D:4      | Bought an ebony hand axe for 152 gold pieces
  3133 | D:4      | Identified the +1 hand axe "Oxait" {venom, +Blink Fly MP-9
                  | Dex+6} (You bought it in a shop on level 4 of the Dungeon)
  3288 | D:4      | Noticed a black bear
  3300 | D:4      | Killed a black bear
  3331 | D:4      | Reached XP level 7. HP: 51/51 MP: 6/15
  3570 | D:3      | Became a worshipper of Gozag Ym Sagoz the Greedy
  4175 | D:4      | Reached skill level 9 in Dodging
  4185 | D:4      | Learned a level 3 spell: Ignite Poison
  4207 | D:5      | Entered Level 5 of the Dungeon
  4264 | D:5      | Found a glowing drain.
  4374 | Sewer    | Entered a sewer
  4451 | Sewer    | Reached XP level 8. HP: 58/58 MP: 7/16
  5714 | D:6      | Found a shimmering blue altar of Sif Muna.
  5752 | D:6      | Reached XP level 9. HP: 20/65 MP: 9/18
  6134 | D:6      | Found a staircase to the Ecumenical Temple.
  6275 | D:6      | Found a transporter.
  6281 | D:6      | Found a transporter.
  6281 | D:6      | Noticed porpoise's ghost (novice DsGl)
  6313 | D:6      | Noticed a queen bee
  6330 | D:6      | Reached skill level 5 in Evocations
  6684 | D:7      | Reached skill level 5 in Stealth
  7442 | D:7      | Reached skill level 5 in Invocations
  8677 | D:8      | Found a runed translucent door.
  8686 | D:8      | Noticed ZoaN's ghost (novice MiFi)
  8705 | D:8      | Reached skill level 5 in Fighting
  8705 | D:8      | Reached skill level 5 in Short Blades
  8705 | D:8      | Reached skill level 5 in Long Blades
  8705 | D:8      | Reached skill level 5 in Axes
  8705 | D:8      | Reached skill level 5 in Maces & Flails
  8705 | D:8      | Reached skill level 5 in Staves
  8705 | D:8      | Reached skill level 5 in Ranged Weapons
  8705 | D:8      | Reached skill level 5 in Throwing
  8705 | D:8      | Reached skill level 5 in Armour
  8705 | D:8      | Reached skill level 5 in Shields
  8705 | D:8      | Reached skill level 5 in Unarmed Combat
  8705 | D:8      | Reached XP level 10. HP: 67/74 MP: 11/20
  8755 | D:8      | Reached skill level 10 in Dodging
  9679 | D:9      | Identified the -2 pair of gloves of True Grit {Will+}
  9733 | D:9      | Found Fabuimov's Magic Scroll Emporium.
  9736 | D:9      | Bought a scroll of enchant weapon for 112 gold pieces
 10507 | D:10     | Entered Level 10 of the Dungeon
 10547 | D:10     | Noticed a two-headed ogre
 10553 | D:10     | Noticed a two-headed ogre
 10587 | D:10     | Killed a two-headed ogre
 10590 | D:10     | HP: 3/76 [two-headed ogre/+0 giant club (22)]
 10608 | D:10     | Killed a two-headed ogre
 11269 | D:10     | HP: 3/76 [something (6)]
 11274 | D:10     | Slain by an unseen horror

Illustrated notes

Levels and vault maps discovered:
D:1:      minmay_arrival_jagged, layout_loops_corners,
          dreamdust_ecumenical_altar_angels_and_demons, serial_shops, shop,
          grunt_decor_fettered
D:2:      layout_loops_corners
D:3:      layout_rooms, gammafunk_temple_overflow_elements, uniq_natasha
D:4:      minmay_wonky_spiral, layout_basic, serial_shops,
          nicolae_shop_peninsula
D:5:      layout_basic, cheibrodos_sewer_entry_sluice
D:6:      layout_basic, mainiacjoe_overflow_boulevard,
          minmay_temple_entry_slanted, gammafunk_ghost_hive
D:7:      layout_cave_pods, minmay_manual_macuahuitl
D:8:      layout_basic, ebering_ghost_reflecting_pool
D:9:      layout_big_octagon, serial_shops, nicolae_shop_behind_doors
D:10:     layout_roguey, minivault_14

Skill      XL: |  1  2  3  4  5  6  7  8  9 10 |
---------------+-------------------------------+-----
Spellcasting   | 5 6 7 8 |  8.6
Fighting       | 1 2 3 5 |  5.9
Short Blades   | 1 2 3 5 |  5.9
Long Blades    | 1 2 3 5 |  5.9
Axes           | 1 2 3 5 |  5.9
Maces & Flails | 1 2 3 5 |  5.9
Staves         | 1 2 3 5 |  5.9
Ranged Weapons | 1 2 3 5 |  5.9
Throwing       | 1 2 3 5 |  5.9
Armour         | 1 2 3 5 |  5.9
Shields        | 1 2 3 5 |  5.9
Unarmed Combat | 1 2 3 5 |  5.9
Invocations    | 1 2 3 4 5 6 |  6.5
Conjurations   | 1 2 3 4 |  4.9
Hexes          | 1 2 3 4 |  4.9
Summonings     | 1 2 3 4 |  4.9
Necromancy     | 1 2 3 4 |  4.9
Translocations | 1 2 3 4 |  4.9
Transmutations | 1 2 3 4 |  4.9
Fire Magic     | 1 2 3 4 |  4.9
Ice Magic      | 1 2 3 4 |  4.9
Air Magic      | 1 2 3 4 |  4.9
Earth Magic    | 1 2 3 4 |  4.9
Poison Magic   | 1 2 3 4 |  4.9
Evocations     | 3 4 5 6 |  6.5
Stealth        | 3 4 5 6 |  6.4
Polearms       | 5 6 7 |  7.6
Dodging        | 9 10 | 10.4

Action                     |  1- 3 |  4- 6 |  7- 9 | 10-12 || total
---------------------------+-------+-------+-------+-------++-------
  Melee: Spear             |    82 |   145 |     3 |       ||   230
         Bite              |     6 |    18 |    60 |    26 ||   110
         Punch             |     4 |     3 |    13 |     7 ||    27
         Hand axe          |       |    12 |   408 |   144 ||   564
         War axe           |       |       |       |    17 ||    17
   Fire: Sling             |       |       |    10 |       ||    10
         Shortbow          |       |       |     8 |    24 ||    32
  Throw: Dart              |       |       |       |     4 ||     4
   Cast: Sting             |     1 |       |     1 |       ||     2
         Ignite Poison     |       |       |     1 |       ||     1
    Use: Scroll            |     2 |     4 |    17 |     3 ||    26
         Potion            |       |       |     5 |     3 ||     8
   Stab: Sleeping          |     4 |     1 |    15 |       ||    20
         Distracted        |       |     1 |     2 |       ||     3
 Armour: Robe              |     1 |       |       |       ||     1
         Ring mail         |    11 |    34 |   140 |    62 ||   247
  Dodge: Dodged            |    32 |    64 |   358 |   120 ||   574
